 Dungeon Crawl Stone Soup version 0.29-a0-919-gd064cfad1c (webtiles) character file.

Game seed: 7972425138753603033

30 concernfroge the Trooper (level 3, 0/30 HPs)
             Began as a Mummy Monk on July 27, 2022.
             Killed from afar by Natasha (10 damage)
             ... with a puff of flame
             ... on level 2 of the Dungeon.
             The game lasted 00:03:04 (614 turns).

concernfroge the Trooper (Mummy Monk)                Turns: 614, Time: 00:03:05

Health: 0/30       AC:  6    Str: 16    XL:     3   Next: 3%
Magic:  3/3        EV: 11    Int:  9    God:
Gold:   54         SH:  0    Dex: 14    Spells: 2/2 levels left

rFire   x . .      SeeInvis .   b - +3 sling
rCold   + . .      Faith    .   (no shield)
rNeg    + + +      Spirit   .   g - +0 ring mail
rPois   ∞          Reflect  .   (no helmet)
rElec   .          Harm     .   (no cloak)
rCorr   .          Rampage  .   f - +0 pair of gloves
Will    .....                   (no boots)
Stlth   +.........              (no amulet)
HPRegen 0.10/turn               (no ring)
MPRegen 0.08/turn               (no ring)

@: no status effects
A: cold resistance 1, negative energy resistance 3, torment resistance 2, heat
vulnerability 1, in touch with death 1, no potions
a: no special abilities


You were on level 2 of the Dungeon.
You visited 1 branch of the dungeon, and saw 2 of its levels.

You collected 54 gold pieces.

Inventory:

Hand Weapons
 a - a +0 spear
 b - a +3 sling (weapon)
Armour
 f - a +0 pair of gloves (worn)
 g - a +0 ring mail (worn)


   Skills:
 + Level 4.2 Fighting
 - Level 2.4 Polearms
 - Level 2.4 Dodging
 - Level 1.5 Stealth


You had 2 spell levels left.
You didn't know any spells.
Your spell library was empty.

Dungeon Overview and Level Annotations

Branches:
Dungeon (2/15)

Altars:

Annotations:
D:2 Natasha


Innate Abilities, Weirdness & Mutations

You are immune to poison.
Your flesh is cold resistant. (rC+)
You are immune to negative energy. (rN+++)
You are immune to unholy pain and torment.
You are vulnerable to heat. (rF-)
You are in touch with the powers of death.
You do not drink.


Message History

The ball python bites your butterfly.
Your butterfly dies!
Your butterfly disappears in a burst of colours!
Fire: b) +3 sling
Press: ? - help, Q - select action Shift-Dir - straight line, f - Natasha, p - ball python
Aim: Natasha, carrying a wand of flame (26) (55% to hit)
You shoot a sling bullet. The sling bullet hits the crimson imp.
The crimson imp is heavily wounded.
The crimson imp summons a swarm of flies.
The ball python bites your butterfly.
Your butterfly dies!
Your butterfly disappears in a burst of colours!
You swap places.
Natasha mumbles some strange words.
Fire: b) +3 sling
Press: ? - help, Q - select action Shift-Dir - straight line, f - ball python, p - Natasha
Aim: a ball python (severely wounded, ally target, 58% to hit)
You shoot a sling bullet. The sling bullet hits the ball python.
You kill the ball python!
The crimson imp shouts, "Run away, thou froward fool-born roll of bandages!"
The crimson imp misses your butterfly.
The crimson imp closely misses your butterfly.
You swap places.
The crimson imp misses your butterfly.
As you read the scroll labelled LOCELUNNIHE, it crumbles to dust.
It is a scroll of amnesia.
You feel forgetful for a moment.
Natasha zaps a wand.
The puff of flame misses you.
As you read the scroll labelled YSYQ RAPLOOT, it crumbles to dust.
It is a scroll of identify.
You don't have any unidentified items.
Natasha extends her claws.
The crimson imp blinks!
Fire: b) +3 sling
Press: ? - help, Q - select action Shift-Dir - straight line, f - Natasha
Aim: Natasha, carrying a wand of flame (25) (55% to hit)
You shoot a sling bullet.
The sling bullet closely misses Natasha.
The iron imp closely misses your butterfly.
Natasha zaps a wand.
The puff of flame hits you! The fire burns you terribly!
You die...

#.........# ..†....#
#.).......#####....###
#.....................
#.######......bbb5....
#.### #........5.....
#...# #...b.bbb.b....
##.#.####...b...bbbb...
#........b.b....[......
#.##...###...@h..b.....
#.##..##.#.............
#.#..##!##..###....##..
#.#....##...###....# .
#.##...#.....##......
#.###..†.....###.....#
#..###..##...# .....#
#...######...# ....
##...........#


You could see an iron imp (summoned), Natasha and a crimson imp (summoned).

Vanquished Creatures
  A dart slug (D:1)
  4 bats
  2 endoplasms (D:1)
  A giant cockroach (D:2)
  4 goblins
  2 hobgoblins (D:2)
  6 ball pythons
  A frilled lizard (D:1)
  2 kobolds (D:1)
  3 rats
26 creatures vanquished.

Notes
Turn   | Place    | Note
-------+----------+-------------------------------------------
     0 | D:1      | concernfroge the Mummy Monk began the quest for the Orb.
     0 | D:1      | Reached XP level 1. HP: 18/18 MP: 1/1
   137 | D:1      | Reached XP level 2. HP: 24/24 MP: 2/2
   388 | D:1      | Reached skill level 4 in Fighting
   433 | D:2      | Found a faded altar of an unknown god.
   563 | D:2      | Gained mutation: You are in touch with the powers of death.
                  | [Mummy growth]
   563 | D:2      | Reached XP level 3. HP: 30/30 MP: 3/3
   604 | D:2      | Noticed Natasha
   614 | D:2      | Killed from afar by Natasha

Illustrated notes

Levels and vault maps discovered:
D:1:      dpeg_arrival_tiny_h, layout_rooms, hangedman_decor_push
D:2:      layout_basic, nicolae_ecumenical_oubliette, st_stairs_2,
          minmay_cupped, uniq_natasha

Skill      XL: |  1  2 |
---------------+-------+-----
Fighting       | 4 |  4.2
Polearms       | |  2.4
Dodging        | |  2.4
Stealth        | |  1.5

Action                   || total
-------------------------++-------
Melee: Spear             ||    13
 Fire: Sling             ||    39
  Use: Scroll            ||     3
 Stab: Sleeping          ||     1
Armor: Robe              ||     1
       Leather armour    ||     2
Dodge: Dodged            ||    17

Table legend: (Time is in decaauts)
 A = Elapsed time spent in this place.
 B = Non-inter-level travel time spent in this place.
 C = Inter-level travel time spent in this place.
 D = Time resting spent in this place.
 E = Time spent auto-exploring this place.
 F = Levels seen in this place.
 G = Mean time per level.
                   A        B        C        D        E       F      G
               +--------+--------+--------+--------+--------+-----+--------+
         Total |    631 |    574 |     57 |      0 |    405 |   2 |  315.5 |
       Dungeon |    631 |    574 |     57 |      0 |    405 |   2 |  315.5 |
               +--------+--------+--------+--------+--------+-----+--------+

Top non-repeatable levels by time:
     D:1: 463 daAuts
     D:2: 168 daAuts
